 Dungeon Crawl Stone Soup version 0.27.1-33-g824d729ab1 (webtiles) character file.

Game seed: 14927081960459905777

221 Gabide the Insei (level 5, 0/41 HPs)
             Began as a Demonspawn Monk on Nov 29, 2021.
             Slain by an iguana (10 damage)
             ... on level 4 of the Dungeon.
             The game lasted 00:05:34 (4287 turns).

Gabide the Insei (Demonspawn Monk)                  Turns: 4287, Time: 00:05:34

Health: 0/41       AC: 13    Str: 11    XL:     5   Next: 65%
Magic:  5/5        EV: 13    Int: 12    God:
Gold:   154        SH:  0    Dex: 16    Spells: 4/4 levels left

rFire    . . .     SeeInvis .     - Unarmed
rCold    . . .     Faith    .   (no shield)
rNeg     . . .     Spirit   .   a - +0 robe
rPois    .         Reflect  .   (no helmet)
rElec    .         Harm     .   (no cloak)
rCorr    .         Rampage  .   e - +0 pair of gloves
Will     .....                  (no boots)
Stlth    ++........             (no amulet)
HPRegen  0.13/turn              b - +4 ring of protection
MPRegen  0.09/turn              (no ring)

@: sanguine armoured
A: hooves 1, sanguine armour 1
a: no special abilities


You were on level 4 of the Dungeon.
You visited 1 branch of the dungeon, and saw 4 of its levels.

You collected 154 gold pieces.

Inventory:

Armour
 a - a +0 robe (worn)
 e - a +0 pair of gloves (worn)
Jewellery
 b - a +4 ring of protection (left hand)
Wands
 g - a wand of polymorph (11)
 k - a wand of acid (5)
Scrolls
 h - a scroll of magic mapping
 m - a scroll of identify {unknown}
Potions
 c - a potion of magic
 d - 2 potions of haste {unknown}
 f - a potion of heal wounds {unknown}
 i - a potion of berserk rage
 j - a potion of flight {unknown}
 l - a potion of attraction {unknown}


   Skills:
 + Level 3.5 Fighting
 + Level 3.7 Dodging
 + Level 2.4 Stealth
 + Level 4.6 Unarmed Combat


You had 4 spell levels left.
You didn't know any spells.
Your spell library contained the following spells:

 Spells                   Type           Power      Damage    Failure   Level
 Blink                    Tloc           N/A        N/A       45%         2
 Leda's Liquefaction      Hex/Erth       0%         N/A       97%         4
 Bolt of Magma            Conj/Fire/Erth 0%         4d4       100%        5
 Manifold Assault         Tloc           0%         N/A       100%        5
 Statue Form              Tmut/Erth      0%         N/A       100%        6
 Storm Form               Tmut/Air       0%         N/A       100%        7


Dungeon Overview and Level Annotations

Branches:
Dungeon (4/15)
 Temple: D:4-7

Altars:

Annotations:
D:4 Dowan, Duvessa


Innate Abilities, Weirdness & Mutations

You have large cloven feet.
When seriously injured, your bleeding wounds create armour. (AC +6)


Message History

An iguana comes into view.
An iguana is nearby!
An iguana is nearby!
An iguana is nearby!
Dowan and a skeleton come into view.
Dowan shouts!
Dowan moves out of view.
Duvessa, Sister of Dowan comes into view.
She is wielding a +0 short sword.
Duvessa shouts!
A quokka and a scorpion come into view.
Duvessa hits you with a +0 short sword! Dowan hits you with a +0 dagger.
Your blood congeals into armour.
The iguana hisses angrily.
You hit Duvessa. You kick Duvessa.
Duvessa is lightly wounded.
The bullfrog skeleton hits you. Duvessa barely misses you.
Dowan hits you but does no damage.
You hit Duvessa but do no damage.
Duvessa is lightly wounded.
The bullfrog skeleton misses you. Duvessa hits you with a +0 short sword.
Dowan hits you but does no damage. The iguana bites you!
* * * LOW HITPOINT WARNING * * *
You are too injured to fight recklessly!
You are too injured to fight recklessly!
You are too injured to fight recklessly!
You are too injured to fight recklessly!
You are too injured to fight recklessly!
You are too injured to fight recklessly!
You are too injured to fight recklessly!
You are too injured to fight recklessly!
You are too injured to fight recklessly!
You are too injured to fight recklessly!
You are too injured to fight recklessly!
You are too injured to fight recklessly!
You are too injured to fight recklessly!
You are too injured to fight recklessly!
The iguana bites you but does no damage.
It was a potion of magic.
Magic courses through your body. The iguana bites you!
You die...

#.# #.#.# #.## .. #.#.#
#...
.##.#####.#.######.##
....................
##.#####.########..#
#.................#
.#######.....#.........#
.............#..........
###..@.....#..........
#.le.....#..........
#.se.....#.....(...#
#.rZ.....#.........#
...........#.........#
.............#.........#
.......#.....#.........#
.......#.....#.........#
....... .....#.........#


You could see Duvessa, Dowan, a scorpion, an iguana, a quokka and a bullfrog
skeleton.

Vanquished Creatures
  A scorpion (D:4)
  A centaur skeleton (D:4)
  3 adders
  4 gnolls
  2 worms (D:2)
  2 dart slugs
  An orc (D:3)
  4 ball pythons
  5 endoplasms
  2 giant cockroaches
  9 goblins
  3 hobgoblins
  6 jackals (D:1)
  3 kobolds
  A quokka (D:2)
  3 bats
  8 rats
58 creatures vanquished.

Notes
Turn   | Place    | Note
-------+----------+-------------------------------------------
     0 | D:1      | Gabide the Demonspawn Monk began the quest for the Orb.
     0 | D:1      | Reached XP level 1. HP: 18/18 MP: 1/1
   569 | D:1      | Gained mutation: When seriously injured, your bleeding
                  | wounds create armour. (AC +6) [demonic ancestry]
   569 | D:1      | Reached XP level 2. HP: 22/24 MP: 2/2
   580 | D:1      | Reached skill level 3 in Unarmed Combat
  1010 | D:1      | Found a faded altar of an unknown god.
  1492 | D:2      | Gained mutation: You have large cloven feet. [demonic
                  | ancestry]
  1492 | D:2      | Reached XP level 3. HP: 19/29 MP: 3/3
  2285 | D:2      | Reached XP level 4. HP: 32/35 MP: 4/4
  2890 | D:3      | Reached skill level 4 in Unarmed Combat
  3703 | D:4      | Noticed a scorpion
  3717 | D:4      | Killed a scorpion
  3718 | D:4      | Reached XP level 5. HP: 17/41 MP: 5/5
  4278 | D:4      | Noticed Dowan
  4279 | D:4      | Noticed Duvessa
  4287 | D:4      | Slain by an iguana

Illustrated notes

Levels and vault maps discovered:
D:1:      mushboom_english_gardens, layout_loops_ring,
          hellmonk_ecumenical_altar_heavens_door,
          chequers_serial_rivers_micro_e, kennysheep_pointless_box
D:2:      layout_basic
D:3:      layout_rooms
D:4:      layout_basic, mainiacjoe_overflow_alcove_1, uniq_duvessa

Skill      XL: |  1  2  3  4 |
---------------+-------------+-----
Dodging        | 3 |  3.7
Unarmed Combat | 3 4 |  4.6
Stealth        | 2 |  2.4
Fighting       | |  3.5

Action                   |  1- 3 |  4- 6 || total
-------------------------+-------+-------++-------
Melee: Unarmed           |   173 |    77 ||   250
       Kick              |    11 |    22 ||    33
       Punch             |       |     1 ||     1
  Use: Potion            |     1 |     3 ||     4
       Scroll            |     3 |     1 ||     4
 Stab: Sleeping          |     4 |     2 ||     6
       Distracted        |     1 |       ||     1
Armor: Robe              |    31 |    24 ||    55
Dodge: Dodged            |   110 |    42 ||   152
